 Dungeon Crawl Stone Soup version 0.30.1-9-gdf580d7c3d (webtiles) character file.

Game seed: 3562549348279591828

51 DildoBatman the Conjurer (level 4, -4/32 HPs)
             Began as a Formicid Conjurer on Oct 4, 2023.
             Slain by an iguana (7 damage)
             ... on level 3 of the Dungeon.
             The game lasted 00:04:02 (2046 turns).

DildoBatman the Conjurer (Formicid Conjurer)        Turns: 2046, Time: 00:04:02

Health: -4/32      AC:  7    Str: 12    XL:     4   Next: 5%
Magic:  7/7        EV: 11    Int: 19    God:
Gold:   161        SH:  0    Dex: 12    Spells: 5/8 levels left

rFire   . . .        a - +0 sling
rCold   . . .        (no shield)
rNeg    . . .        r - +3 leather armour
rPois   .            (helmet unavailable)
rElec   .            (no cloak)
rCorr   .            d - +0 pair of gloves
SInv    +            (no boots)
Will    .....        (no amulet)
Stlth   ++           (no ring)
HPRegen 0.25/turn    (no ring)
MPRegen 0.10/turn

%: no passive effects
@: no status effects
A: permanent stasis, dig shafts and tunnels, antennae 3, four strong arms
a: Dig, Shaft Self


You were on level 3 of the Dungeon.
You visited 1 branch of the dungeon, and saw 3 of its levels.

You collected 161 gold pieces.

Inventory:

Hand Weapons
 a - a +0 sling (weapon)
 c - a +0 club
 f - a +0 dagger
 m - a +0 short sword
Armour
 d - a +0 pair of gloves (worn)
 r - a +3 leather armour (worn)
Scrolls
 g - 2 scrolls of identify {unknown}
 h - a scroll of immolation {unknown}
 k - a scroll of blinking {unknown}
 n - a scroll of summoning {unknown}
 o - a scroll of fog {unknown}
 s - a scroll of acquirement {unknown}
 t - a scroll of teleportation {unknown}
Potions
 b - a potion of magic
 e - a potion of degeneration {unknown}
 i - a potion of curing {unknown}
 j - a potion of brilliance {unknown}
 l - a potion of invisibility {unknown}
 p - a potion of might {unknown}
 q - a potion of attraction {unknown}


   Skills:
 * Level 1.2 Fighting
 * Level 1.2 Armour
 * Level 2.2 Dodging
 - Level 3.0 Stealth
 * Level 2.5 Spellcasting
 * Level 3.9 Conjurations


You had 5 spell levels left.
You knew the following spells:

 Your Spells              Type           Power      Damage    Failure   Level
a - Searing Ray           Conj           34%        2d5       6%          2
c - Magic Dart            Conj           68%        1d6       4%          1

Your spell library contained the following spells:

 Spells                   Type           Power      Damage    Failure   Level
 Apportation              Tloc           4%         N/A       21%         1
 Necrotise                Necr           8%         1d4       21%         1
 Summon Small Mammal      Summ           8%         N/A       21%         1
 Dazzling Flash           Conj/Hex       18%        N/A       26%         3
 Fulminant Prism          Conj/Hex       4%         3d5       65%         4
 Iskenderun's Mystic Bla  Conj/Tloc      9%         2d4       65%         4


Dungeon Overview and Level Annotations

Branches:
Dungeon (3/15)

Altars:


Innate Abilities, Weirdness & Mutations

You cannot be hasted, slowed, berserked, paralysed or teleported.
You can dig through walls and to a lower floor.
You have a pair of large antennae on your head. (SInv)
Your four strong arms can wield two-handed weapons with a shield.


Message History

You shout for attention!
The giant cockroach barely misses you. The iguana bites you!
What are your orders? t - Shout!
Orders for allies: a - Attack new target. p - Attack previous target. r - Retreat! s - Stop attacking. g - Guard the area. f - Follow me.
Anything else - Cancel.
You shout for attention!
The giant cockroach bites you but does no damage.
The iguana barely misses you. What are your orders? t - Shout!
Orders for allies: a - Attack new target. p - Attack previous target. r - Retreat! s - Stop attacking. g - Guard the area. f - Follow me.
Anything else - Cancel.
You shout for attention!
The giant cockroach bites you but does no damage.
The iguana bites you. What are your orders? t - Shout!
Orders for allies: a - Attack new target. p - Attack previous target. r - Retreat! s - Stop attacking. g - Guard the area. f - Follow me.
Anything else - Cancel.
You shout for attention!
The giant cockroach bites you but does no damage.
The iguana barely misses you. What are your orders? t - Shout!
Orders for allies: a - Attack new target. p - Attack previous target. r - Retreat! s - Stop attacking. g - Guard the area. f - Follow me.
Anything else - Cancel.
You shout for attention!
The giant cockroach bites you but does no damage.
The iguana bites you!
You die...

.# .######.## .# #.# .# #.#
.##### #.# .....# ####.#
####.# #...†# ...#.# #.####
...#.# ######Bl.###########
...#.# #...##@#........†..#
...#.## #.######....######.#
..##..#####.# #....# #.#
...#....#.>.# #....# #.#
#####.....#.# #....# #.# ##
#.#####.# #....# #.#
.####+####..# #....# #.#
.##......##.################.#
<#. ......#..................#


You could see an iguana and a giant cockroach.

Vanquished Creatures
  A dart slug (D:3)
  5 orcs (D:3)
  3 endoplasms
  A giant cockroach (D:3)
  7 goblins
  3 hobgoblins
  5 ball pythons
  6 bats
  2 frilled lizards
  3 kobolds
  6 rats
42 creatures vanquished.

Notes
Turn   | Place    | Note
-------+----------+-------------------------------------------
     0 | D:1      | DildoBatman the Formicid Conjurer began the quest for the
                  | Orb.
     0 | D:1      | Reached XP level 1. HP: 13/13 MP: 3/3
   132 | D:1      | Reached XP level 2. HP: 19/19 MP: 0/5
   135 | D:1      | Learned a level 2 spell: Searing Ray
   690 | D:2      | Reached XP level 3. HP: 25/25 MP: 4/6
   784 | D:2      | Reached skill level 1 in Fighting
  1532 | D:3      | Found a faded altar of an unknown god.
  1541 | D:3      | Reached skill level 1 in Armour
  1940 | D:3      | Reached XP level 4. HP: 31/32 MP: 4/7
  2046 | D:3      | Slain by an iguana

Illustrated notes

Levels and vault maps discovered:
D:1:      shiori_shiawase, layout_rooms
D:2:      layout_basic, minmay_misc_feat_tower
D:3:      layout_rooms, ebering_ecumenical_altar_rust, serial_co_window_serial,
          co_window_cross_1, co_window_of_opportunity_a, co_window_corner_a,
          co_window_corner_a, co_window_corner_a, co_window_broadway_a,
          co_window_2corner, co_window_cross_4, co_window_of_opportunity_c,
          co_window_paths_e, glass_columns_c, kennysheep_another_room,
          minmay_liquid_box

Skill      XL: |  1  2  3 |
---------------+----------+-----
Dodging        | 2 |  2.2
Fighting       | 1 |  1.2
Stealth        | 3 |  3.0
Armour         | 1 |  1.2
Spellcasting   | |  2.5
Conjurations   | |  3.9

Action                     |  1- 3 |  4- 6 || total
---------------------------+-------+-------++-------
  Melee: Dagger            |    12 |       ||    12
   Fire: Sling             |    25 |     5 ||    30
   Cast: Magic Dart        |    47 |     3 ||    50
         Searing Ray       |     1 |       ||     1
 Armour: Robe              |     4 |       ||     4
         Leather armour    |     6 |    42 ||    48
  Dodge: Dodged            |    17 |    61 ||    78
